 Dungeon Crawl Stone Soup version 0.18-a0-1702-gd20c6a5 (webtiles) character file.

12 Duffy the Digger (level 2, 0/23 HPs)
             Began as a Formicid Wanderer on Apr 7, 2016.
             Slain by a jackal (2 damage)
             ... on level 1 of the Dungeon.
             The game lasted 00:00:45 (438 turns).

Duffy the Digger (Formicid Wanderer)                 Turns: 438, Time: 00:00:46

Health: 0/23       AC:  8    Str: 17    XL:     2   Next: 45%
Magic:  2/2        EV:  9    Int: 11    God:
Gold:   42         SH:  0    Dex:  9    Spells: 0 memorised, 1 level left

rFire  . . .     SeeInvis +     j - +0 short sword
rCold  . . .     Gourm    .     a - +2 scale mail
rNeg   . . .     Faith    .     (no shield)
rPois  .         Spirit   .     (helmet unavailable)
rElec  .         Dismiss  .     (no cloak)
rCorr  .         Reflect  .     (no gloves)
SustAt .         Harm     .     (no boots)
MR     .....                    (no amulet)
Stlth  ..........               (no ring)
                                (no ring)

@: not resistant to hostile enchantments, extremely unstealthy
A: permanent stasis, dig shafts and tunnels, four strong arms, antennae 3
a: Dig, Shaft Self


You were on level 1 of the Dungeon.
You were not hungry.

You visited 1 branch of the dungeon, and saw 1 of its levels.

You collected 42 gold pieces.


Innate Abilities, Weirdness & Mutations

You are under a permanent stasis effect.
You can dig through walls and to a lower floor.
Your four strong arms can wield two-handed weapons with a shield.
You have a pair of large antennae on your head (SInv).


   Skills:
 + Level 2.5 Fighting
   Level 1.0 Axes
 - Level 1.0 Throwing
 - Level 1.1 Armour
   Level 3.6 Earth Magic
   Level 2.6 Poison Magic
   Level 1.1 Evocations


You had one spell level left.
You didn't know any spells.

Inventory:

Hand Weapons
 d - a +0 blowgun
 j - a +0 short sword (weapon)
Missiles
 c - 9 poisoned needles
 i - 32 bolts
Armour
 a - a +2 scale mail (worn)
Scrolls
 h - 2 scrolls of identify {unknown}
Potions
 e - a potion of resistance {unknown}
 g - a potion of flight {unknown}
 k - 2 potions of invisibility {unknown}
Books
 b - the Reference Book on the Traveller

   Spells                             Type                      Level
   a - Apportation                    Translocation                1
   b - Portal Projectile              Translocation                3
Comestibles
 f - 2 bread rations

Dungeon Overview and Level Annotations

Branches:
Dungeon (1/15)

Altars:


Message History

The jackal bites you.
The jackal bites you but does no damage.
The giant newt bites you. The jackal barely misses you. The jackal bites you.
The goblin hits you but does no damage. The jackal barely misses you.
The giant newt closely misses you.
You are too injured to fight recklessly!
You are too injured to fight recklessly!
You are too injured to fight recklessly!
You are too injured to fight recklessly!
You are too injured to fight recklessly!
You are too injured to fight recklessly!
You are too injured to fight recklessly!
You are too injured to fight recklessly!
You are too injured to fight recklessly!
You are too injured to fight recklessly!
You are too injured to fight recklessly!
You are too injured to fight recklessly!
You are too injured to fight recklessly!
You are too injured to fight recklessly!
You are too injured to fight recklessly!
You are too injured to fight recklessly!
You are too injured to fight recklessly!
You are too injured to fight recklessly!
You are too injured to fight recklessly!
You miss the giant newt. The jackal bites you. The jackal misses you.
The jackal bites you. x2; The goblin hits you.
The giant newt bites you but does no damage.
You barely miss the giant newt. The jackal misses you.
The jackal closely misses you. The jackal barely misses you.
The jackal closely misses you. The goblin barely misses you.
The jackal barely misses you. The giant newt barely misses you.
You hit the giant newt.
You kill the giant newt!
The jackal bites you.
You die...

......#####.##.########...
....#.............%.......
....#.#####.##.#########..
....#...# #.##.# #####...#
#.##.# # #...# #.##.# .#
### ####.###
#.##.###!#.... #....#
#.##??........ ##.#######
..#.h@g...... ...#......
#.hh....... .....#
#....g....... .....#
##..........$ .....####.#
#........... ..........#
#...........
..%...........>.........
............[##......)..
.............#


You could see 3 jackals, a hobgoblin and a goblin.

Action                   || total
-------------------------++-------
Melee: Unarmed           ||    38
       Short sword       ||    17

Notes
Turn   | Place    | Note
--------------------------------------------------------------
     0 | D:1      | Duffy the Formicid Wanderer began the quest for the Orb.
     0 | D:1      | Duffy set off with: a +2 scale mail, the Reference Book on the Traveller, 9 poisoned needles, a +0 blowgun, a bread ration
     0 | D:1      | Reached XP level 1. HP: 15/15 MP: 1/1
   161 | D:1      | Reached skill level 2 in Fighting
   177 | D:1      | Reached XP level 2. HP: 15/22 MP: 2/2
   438 | D:1      | Slain by a jackal

Vault maps used:
D:1:      lightli_molten_gateway, st_stairs_4

Vanquished Creatures
  An ooze
  A giant gecko
  2 hobgoblins
  A bat
  3 giant newts
8 creatures vanquished.
